 Dungeon Crawl Stone Soup version 0.21-a0-450-gd87a9b2 (webtiles) character file.

1367 slep the Carver (level 8, -2/71 HPs)
             Began as a Minotaur Monk on Nov 20, 2017.
             Was a Follower of Makhleb.
             Slain by Duvessa
             ... wielding a +0 short sword
              (7 damage)
             ... on level 7 of the Dungeon.
             The game lasted 00:20:10 (4208 turns).

slep the Carver (Minotaur Monk)                     Turns: 4208, Time: 00:20:11

Health: -2/71      AC:  5    Str: 17    XL:     8   Next: 38%
Magic:  7/7        EV: 13    Int:  7    God:    Makhleb [*.....]
Gold:   257        SH:  9    Dex: 14    Spells: 7/7 levels left

rFire    . . .     SeeInvis .   F - +0 flail (curse)
rCold    . . .     Gourm    .   u - +0 shield
rNeg     + . .     Faith    .   v - +2 robe {rN+}
rPois    .         Spirit   .   (helmet restricted)
rElec    .         Reflect  .   (no cloak)
rCorr    .         Harm     +   (no gloves)
MR       .....                  i - +0 pair of boots
Stlth    ++........             h - amulet of harm
HPRegen  0.21/turn              (no ring)
MPRegen  0.10/turn              (no ring)

@: no status effects
A: retaliatory headbutt, horns 2
a: Renounce Religion


You were on level 7 of the Dungeon.
You worshipped Makhleb.
Makhleb was aware of your devotion.
You were not hungry.

You visited 1 branch of the dungeon, and saw 7 of its levels.

You collected 257 gold pieces.

Inventory:

Hand Weapons
 a - a +0 falchion
 A - a +1 mace of draining
 F - a cursed +0 flail (weapon)
Missiles
 D - 7 tomahawks (quivered)
Armour
 b - a +0 robe
 e - a +0 leather armour
 i - a +0 pair of boots (worn)
 n - a +0 chain mail
 p - a +2 robe of magic resistance
 u - a +0 shield (worn)
 v - a +2 robe of positive energy (worn)
Jewellery
 h - an amulet of harm (around neck)
Wands
 s - a wand of paralysis (11/24)
 C - a wand of clouds (3/9)
Scrolls
 d - 8 scrolls of identify {unknown}
 g - 5 scrolls of remove curse {unknown}
 j - a scroll of immolation {unknown}
 o - 2 scrolls of teleportation {unknown}
 r - 5 scrolls of enchant weapon {unknown}
 w - a scroll of random uselessness {unknown}
 y - a scroll of amnesia {unknown}
 z - a scroll of blinking {unknown}
 E - a scroll of enchant armour {unknown}
Potions
 f - a potion of might
 m - 3 potions of heal wounds
 t - a potion of flight {unknown}
 x - 2 potions of haste {unknown}
 B - a potion of mutation {unknown}
Comestibles
 c - 4 bread rations
 k - a meat ration
 l - 21 fruits
 q - a royal jelly
 G - 5 chunks of flesh


   Skills:
 + Level 6.5 Fighting
 + Level 8.6 Long Blades
 + Level 0.6 Maces & Flails
 + Level 2.5 Armour
 + Level 5.5 Dodging
 + Level 3.0 Stealth
 + Level 3.6 Shields


You had 7 spell levels left.
You didn't know any spells.

Dungeon Overview and Level Annotations

Branches:
Dungeon (7/15)
 Temple: D:4-7

Altars:
Fedhas
Makhleb
Qazlal
Sif Muna
Trog
Wu Jian
Zin
The Shining One

Shops:
D:5 }%   D:6 =

Annotations:
D:2 Natasha, Terence
D:5 SFR's ghost, amateur OgWz
D:7 Dowan; Duvessa


Innate Abilities, Weirdness & Mutations

You reflexively headbutt those who attack you in melee.
You have a pair of horns on your head.


Message History

You resist with some effort.
Dowan gestures wildly while chanting.
Dowan blinks!
You block the centaur's attack. Duvessa hits you with a short sword!
* * * LOW HITPOINT WARNING * * *
The centaur wields an uncursed shortbow.
The centaur shoots an arrow.
The arrow hits you.
* * * LOW HITPOINT WARNING * * *
Duvessa hits you with a short sword!
* * * LOW HITPOINT WARNING * * *
You see here an arrow.
The centaur shoots an arrow.
The arrow misses you.
You see here an arrow.
You hit Duvessa.
Duvessa is heavily wounded.
Duvessa misses you. You block Duvessa's attack.
You barely miss Duvessa.
Duvessa is heavily wounded.
You block Duvessa's attack. Duvessa hits you with a short sword.
You die...

.........# .........
#......## #
#......#######
#............
#............
####......#####.
#.####F.(.....## ###
#...@ece.......# ##..
#######..............
####...........
############ #


You could see Duvessa (berserk), Dowan, a bullfrog and a centaur.

Vanquished Creatures
  Sigmund (D:2)
  An orc warrior (D:6)
  An ogre (D:6)
  A phantom (D:6)
  A centaur (D:6)
  3 bullfrogs
  A scorpion (D:5)
  2 crimson imps
  3 hounds
  A centaur skeleton (D:6)
  An orc priest (D:4)
  2 orc wizards (D:5)
  Natasha (D:2)
  5 worker ants
  8 adders
  3 oozes
  An adder skeleton (D:5)
  2 worms
  A dart slug (D:1)
  6 leopard geckos
  15 orcs
  A ball python (D:3)
  5 bats
  5 giant cockroaches
  9 goblins
  5 hobgoblins
  13 jackals (D:3)
  A kobold (D:3)
  A quokka (D:6)
  4 frilled lizards
  A jackal skeleton (D:7)
  A leopard gecko skeleton (D:5)
  A leopard gecko zombie (D:5)
  2 rats (D:3)
  A fungus (D:1)
110 creatures vanquished.

Notes
Turn   | Place    | Note
-------+----------+-------------------------------------------
     0 | D:1      | slep the Minotaur Monk began the quest for the Orb.
     0 | D:1      | Reached XP level 1. HP: 19/19 MP: 0/0
   116 | D:1      | Reached skill level 4 in Long Blades
   261 | D:1      | Reached XP level 2. HP: 26/27 MP: 1/1
   733 | D:2      | Noticed Sigmund
   754 | D:2      | Killed Sigmund
   754 | D:2      | Reached skill level 5 in Long Blades
   754 | D:2      | Reached skill level 1 in Armour
   754 | D:2      | Reached XP level 3. HP: 21/35 MP: 2/2
   754 | D:2      | Reached XP level 4. HP: 24/41 MP: 3/3
   754 | D:2      | Reached XP level 5. HP: 28/47 MP: 4/4
   795 | D:2      | Noticed Natasha
   795 | D:2      | Reached skill level 5 in Fighting
   801 | D:2      | Killed Natasha
   832 | D:2      | Noticed Terence
   850 | D:2      | Noticed Natasha
  1012 | D:3      | Found a blossoming altar of Fedhas.
  1276 | D:3      | Reached XP level 6. HP: 31/56 MP: 5/5
  1373 | D:3      | Reached skill level 6 in Long Blades
  1942 | D:4      | Found a stormy altar of Qazlal.
  1943 | D:4      | Noticed a fire elemental
  1946 | D:4      | Noticed an air elemental
  1946 | D:4      | Noticed a water elemental
  2102 | D:4      | Reached skill level 1 in Shields
  2119 | D:4      | Reached XP level 7. HP: 10/61 MP: 6/6
  2583 | D:4      | Found a glowing silver altar of Zin.
  2676 | D:5      | Entered Level 5 of the Dungeon
  2900 | D:5      | Found Myiran's Food Shoppe.
  2931 | D:5      | Found Yqinifiw's Gadget Boutique.
  2943 | D:5      | Reached skill level 7 in Long Blades
  2943 | D:5      | Reached skill level 5 in Dodging
  2962 | D:5      | Noticed SFR's ghost (amateur OgWz)
  3095 | D:6      | Found Ypneduh's Jewellery Boutique.
  3450 | D:6      | Found an ornate altar of the Wu Jian Council.
  3450 | D:6      | Found a bloodstained altar of Trog.
  3456 | D:6      | Found a faded altar of an unknown god.
  3458 | D:6      | Found a faded altar of an unknown god.
  3459 | D:6      | Found a glowing golden altar of the Shining One.
  3524 | D:6      | Reached XP level 8. HP: 70/70 MP: 7/7
  3748 | D:6      | Reached skill level 8 in Long Blades
  4018 | D:6      | Became a worshipper of Sif Muna the Loreminder
  4018 | D:6      | Reached * piety under Sif Muna
  4018 | D:6      | Reached ** piety under Sif Muna
  4023 | D:6      | Fell from the grace of Sif Muna
  4023 | D:6      | Became a worshipper of Makhleb the Destroyer
  4023 | D:6      | Reached * piety under Makhleb
  4190 | D:7      | Noticed Duvessa
  4198 | D:7      | Noticed Dowan
  4208 | D:7      | Slain by Duvessa

Vault maps used:
D:1:      minmay_arrival_plants_in_alcoves, minmay_gold_behind_fungi
D:2:      old_standard_altar, marbit_many_paths, kennysheep_generic_room_6,
          uniq_natasha, uniq_terence, uniq_sigmund
D:3:      fedhas_altar_fruit_tree, first_bread
D:4:      zin_statuary, nicolae_qazlal_style_of_elements
D:5:      serial_shops, kennysheep_little_box, shop, nicolae_shop_behind_doors,
          shop, nicolae_shop_temple_entry_statues_fountains
D:6:      chequers_temple_overflow_minitemple, serial_shops, shop
D:7:      minmay_temple_entry_enclosed_plants, uniq_duvessa

Skill      XL: |  1  2  3  4  5  6  7  8 |
---------------+-------------------------+-----
Long Blades    | 4 5 6 7 8 |  8.6
Fighting       | 4 5 6 |  6.5
Armour         | 1 2 |  2.5
Dodging        | 4 5 |  5.5
Stealth        | 2 3 |  3.0
Shields        | 1 3 |  3.6
Maces & Flails | |  0.6

Action                   |  1- 3 |  4- 6 |  7- 9 || total
-------------------------+-------+-------+-------++-------
Melee: Falchion          |    56 |   145 |   115 ||   316
       Headbutt          |     7 |    20 |    35 ||    62
       Mace              |       |       |     3 ||     3
       Flail             |       |       |    20 ||    20
  Use: Potion            |       |     5 |       ||     5
 Stab: Sleeping          |       |     2 |     2 ||     4
  Eat: Chunk             |       |     4 |     7 ||    11
Armor: Leather armour    |     4 |       |       ||     4
       Chain mail        |    25 |       |       ||    25
       Robe              |       |    39 |    24 ||    63
       Skin              |       |     4 |       ||     4
Dodge: Dodged            |    29 |    71 |    67 ||   167
Block: Shield            |       |    48 |    56 ||   104
       Rpst.: Falchion   |     8 |    22 |    15 ||    45

Table legend:
 A = Spawn XP
 B = Non-spawn XP
 C = Spawn XP percentage of total XP
 D = Spawn monster count
 E = Non-spawn monster count
 F = Spawn count percentage of total count
 G = Total turns spent on level
                    A         B        C        D         E        F      G
               +---------+---------+-------+---------+---------+-------+---------
         Total |       0 |    1954 |   0.0 |       0 |     109 |   0.0 |  4208
               +---------+---------+-------+---------+---------+-------+---------
           D:1 |       0 |      16 |   0.0 |       0 |       9 |   0.0 |   597
           D:2 |       0 |     301 |   0.0 |       0 |      13 |   0.0 |   255
           D:3 |       0 |     249 |   0.0 |       0 |      39 |   0.0 |  1025
           D:4 |       0 |     213 |   0.0 |       0 |      12 |   0.0 |   799
           D:5 |       0 |     262 |   0.0 |       0 |      15 |   0.0 |   292
           D:6 |       0 |     696 |   0.0 |       0 |      15 |   0.0 |  1107
           D:7 |       0 |     217 |   0.0 |       0 |       6 |   0.0 |   133
               +---------+---------+-------+---------+---------+-------+---------
